 Dungeon Crawl Stone Soup version 0.28-a0-1510-gd0f6b136d3 (webtiles) character file.

Game seed: 11332267787539242211

167 croobank the Caller (level 5, 0/31 HPs)
             Began as an Octopode Summoner on Jan 15, 2022.
             Succumbed to an adder's poison
             ... on level 3 of the Dungeon.
             The game lasted 00:11:38 (3058 turns).

croobank the Caller (Octopode Summoner)             Turns: 3058, Time: 00:11:39

Health: 0/31       AC:  1    Str: 10    XL:     5   Next: 48%
Magic:  2/9        EV: 13    Int: 17    God:
Gold:   129        SH:  0    Dex: 12    Spells: 1/10 levels left

rFire   + . .      SeeInvis .   q - +2 dagger (flame)
rCold   + . .      Faith    .   (no shield)
rNeg    . . .      Spirit   .   (helmet restricted)
rPois   +          Reflect  .   (no amulet)
rElec   +          Harm     .   (no ring)
rCorr   +          Rampage  .   (no ring)
Will    .....                   (no ring)
Stlth   ++++......              (no ring)
HPRegen 0.10/turn               (no ring)
MPRegen 0.11/turn               (no ring)
                                (no ring)
                                (no ring)

@: lethally poisoned (0 -> -1), resistant, very slightly contaminated
A: almost no armour, amphibious, 8 rings, camouflage 1, gelatinous body 1,
(nimble swimmer 1), tentacles
a: no special abilities


You were on level 3 of the Dungeon.
You visited 1 branch of the dungeon, and saw 4 of its levels.

You collected 129 gold pieces.

Inventory:

Hand Weapons
 b - a +0 rapier
 l - a +1 hand axe of electrocution
 m - a +2 short sword of venom
 o - a +0 dagger of flaming
 q - a +2 dagger of flaming (weapon)
Missiles
 a - 17 sling bullets
 d - 19 arrows
 h - 67 stones
Magical Staves
 p - a staff of death
Scrolls
 c - a scroll of noise {unknown}
 g - 4 scrolls of teleportation
 j - a scroll of fear {unknown}
 k - 2 scrolls of identify
 n - a scroll of magic mapping {unknown}
Potions
 i - a potion of curing {unknown}
 r - a potion of ambrosia {unknown}


   Skills:
 + Level 3.1 Dodging
 + Level 4.6 Stealth
 + Level 3.0 Spellcasting
 + Level 4.7 Summonings


You had one spell level left.
You knew the following spells:

 Your Spells              Type           Power      Damage    Failure   Level
a - Summon Small Mammal   Summ           72%        N/A       2%          1
b - Call Imp              Summ           18%        N/A       3%          2
c - Call Canine Familiar  Summ           18%        N/A       8%          3
d - Summon Guardian Gole  Hex/Summ       10%        N/A       21%         3

Your spell library contained the following spells:

 Spells                   Type           Power      Damage    Failure   Level
 Summon Lightning Spire   Summ/Air       10%        N/A       54%         4


Dungeon Overview and Level Annotations

Branches:
Dungeon (4/15)
 Temple: D:4-7

Altars:
Fedhas
Gozag
Yredelemnul


Innate Abilities, Weirdness & Mutations

You cannot wear most types of armour.
You are amphibious.
You can wear up to eight rings at the same time.
Your skin changes colour to match your surroundings (Stealth+).
Your rubbery body absorbs attacks. (AC +1, EV +1)
((You are camouflaged when in or above water. (Stealth+)))
You have tentacles for arms and can constrict up to eight enemies at once.


Message History

You are poisoned.
The adder poisons you!
Your hound bites the adder.
You climb upwards.
Your summoned allies are left behind.
* * * LOW HITPOINT WARNING * * *
You feel very sick.
There is a stone staircase leading down here.
You feel much better.
You feel sick. The quokka closely misses you. The ufetubus hits you.
The ufetubus completely misses you. The adder barely misses you.
The quokka completely misses you. The ufetubus closely misses you.
The ufetubus hits you.
Casting: Call Imp (safe; 3% risk of failure)
Confirm with . or Enter, or press ? or * to list all spells.
The spell is quite dangerous to miscast (21% risk of failure)!
Continue anyway?
You miscast Summon Guardian Golem.
You are very lightly contaminated with residual magic.
Nothing appears to happen.
You feel sick. The adder misses you.
The ufetubus hits you but does no damage.
The ufetubus closely misses you. The quokka closely misses you.
The adder bites you.
Casting: Summon Guardian Golem (quite dangerous; 21% risk of failure)
Confirm with . or Enter, or press ? or * to list all spells.
You don't have enough magic to cast this spell.
Okay, then.
It was a potion of resistance.
You feel protected.
You feel sick.
The ufetubus barely misses you. x2; The quokka bites you.
The adder closely misses you. The ufetubus hits you.
The ufetubus closely misses you.
You closely miss the adder. Your grab misses the adder.
The adder is lightly wounded.
You feel sick. The quokka bites you.
* * * LOW HITPOINT WARNING * * *
The adder bites you.
* * * LOW HITPOINT WARNING * * *
The ufetubus misses you. The ufetubus hits you.
* * * LOW HITPOINT WARNING * * *
As you read the scroll labelled MEJOZE MEMEEBE, it crumbles to dust.
It is a scroll of identify.
g - 4 scrolls of teleportation You die...

.#....#...............#
.#....#...............#
.######_#####+#.......# .#
#.# #.#.......# .# ###
#.#.......# .# #.#.......#
+## #.#.......#
..###########.#S......#
).'............5@r....#
..###########.##'######
..###########.##.###########
....................)......#
################.###########
# #.......#####.#### #
#................# ##
#................#
.###................####


You could see an adder, an ufetubus and a quokka.

Vanquished Creatures
  A phantom (D:2)
  An adder (D:3)
  A worm (D:2)
  3 dart slugs
  4 orcs (D:3)
  2 ball pythons
  4 endoplasms
  9 giant cockroaches
  6 goblins
  5 hobgoblins
  4 bats
  5 kobolds
  3 rats
48 creatures vanquished.

Vanquished Creatures (collateral kills)
  An orc (D:3)
  7 giant cockroaches (D:2)
  A goblin (D:1)
  2 kobolds
  A ball python (D:1)
  3 bats (D:1)
  A frilled lizard (D:3)
  A rat (D:1)
17 creatures vanquished.

Grand Total: 65 creatures vanquished

Notes
Turn   | Place    | Note
-------+----------+-------------------------------------------
     0 | D:1      | croobank the Octopode Summoner began the quest for the Orb.
     0 | D:1      | Reached XP level 1. HP: 11/11 MP: 3/3
   134 | D:1      | Found a faded altar of an unknown god.
   285 | D:1      | Reached XP level 2. HP: 11/17 MP: 5/5
   288 | D:1      | Learned a level 2 spell: Call Imp
   963 | D:1      | Reached XP level 3. HP: 14/21 MP: 1/6
  1514 | D:2      | Learned a level 3 spell: Call Canine Familiar
  1833 | D:2      | Reached XP level 4. HP: 27/27 MP: 0/7
  1902 | D:2      | Found a blossoming altar of Fedhas.
  2211 | D:2      | Noticed a phantom
  2229 | D:2      | Killed a phantom
  2230 | D:2      | Reached XP level 5. HP: 31/31 MP: 0/9
  2820 | D:3      | Found a basalt altar of Yredelemnul.
  2837 | D:3      | Learned a level 3 spell: Summon Guardian Golem
  3047 | D:4      | Found an opulent altar of Gozag.
  3057 | D:3      | HP: 1/31 [ufetubus (4)]
  3058 | D:3      | Succumbed to an adder's poison

Illustrated notes

Levels and vault maps discovered:
D:1:      dpeg_arrival_simpleton_b, layout_basic,
          chequers_ecumenical_altar_simple, serial_park_tiny_2
D:2:      minmay_roachtagon, layout_loops_ring, basic_altar, minmay_domino_2
D:3:      layout_basic, overflow_temple_1_default
D:4:      layout_rooms, nicolae_gozag_seed_capital, cheibrodos_sewer_entry_bend,
          hangedman_abyss_or_decor_passed

Skill      XL: |  1  2  3  4  5 |
---------------+----------------+-----
Stealth        | 3 4 |  4.6
Dodging        | 3 |  3.1
Spellcasting   | 3 |  3.0
Summonings     | |  4.7

Action                   |  1- 3 |  4- 6 || total
-------------------------+-------+-------++-------
Melee: Rapier            |    60 |    19 ||    79
       Tentacles         |    10 |    10 ||    20
       Constrict         |    13 |     6 ||    19
       Punch             |     1 |     1 ||     2
       Hand axe          |       |    14 ||    14
       Dagger            |       |     2 ||     2
 Cast: Summon Small Mamm |    12 |     4 ||    16
       Call Imp          |     7 |     4 ||    11
       Call Canine Famil |     2 |     6 ||     8
  Use: Potion            |       |     3 ||     3
       Scroll            |       |     1 ||     1
 Stab: Sleeping          |     6 |     3 ||     9
       Distracted        |       |     2 ||     2
Armor: Skin              |    16 |     3 ||    19
Dodge: Dodged            |    64 |    35 ||    99

Table legend: (Time is in decaauts)
 A = Elapsed time spent in this place.
 B = Non-inter-level travel time spent in this place.
 C = Inter-level travel time spent in this place.
 D = Time resting spent in this place.
 E = Time spent auto-exploring this place.
 F = Levels seen in this place.
 G = Mean time per level.
                   A        B        C        D        E       F      G
               +--------+--------+--------+--------+--------+-----+--------+
         Total |   3076 |   3027 |     49 |    315 |   2178 |   4 |  769.0 |
       Dungeon |   3076 |   3027 |     49 |    315 |   2178 |   4 |  769.0 |
               +--------+--------+--------+--------+--------+-----+--------+

Top non-repeatable levels by time:
     D:1: 1314 daAuts
     D:2: 1049 daAuts
     D:3: 706 daAuts
     D:4: 5 daAuts
